 Dungeon Crawl Stone Soup version 0.28.0-1-gb440e238dd (webtiles) character file.

Game seed: 17752544449700871850

287 Ablot the Grasshopper (level 6, 0/50 HPs)
             Began as a Gnoll Warper on Feb 26, 2022.
             Was an Initiate of Elyvilon.
             Slain by a phantom (2 damage)
             ... on level 4 of the Dungeon.
             The game lasted 00:04:58 (4333 turns).

Ablot the Grasshopper (Gnoll Warper)                Turns: 4333, Time: 00:04:59

Health: 0/50       AC:  3    Str: 12    XL:     6   Next: 30%
Magic:  14/14      EV: 13    Int: 12    God:    Elyvilon [......]
Gold:   159        SH:  0    Dex: 12    Spells: 13/15 levels left

rFire   . . .      SeeInvis .   a - +0 spear
rCold   . . .      Faith    .   (no shield)
rNeg    . . .      Spirit   .   b - +0 leather armour
rPois   .          Reflect  .   (no helmet)
rElec   .          Harm     .   (no cloak)
rCorr   .          Rampage  .   (no gloves)
Will    .....                   (no boots)
Stlth   ++........              (no amulet)
HPRegen 0.16/turn               g - ring of wizardry
MPRegen 0.14/turn               (no ring)

@: no status effects
A: fangs 1, strong nose, distributed training
a: Renounce Religion


You were on level 4 of the Dungeon.
You worshipped Elyvilon.
Elyvilon was noncommittal.
You visited 1 branch of the dungeon, and saw 5 of its levels.

You collected 159 gold pieces.

Inventory:

Hand Weapons
 a - a +0 spear (weapon)
Missiles
 d - 5 boomerangs of dispersal
 h - 39 arrows
 i - 15 sling bullets
 j - 139 stones
 q - 8 poisoned darts (quivered)
Armour
 b - a +0 leather armour (worn)
Magical Staves
 m - a staff of death
Jewellery
 g - a ring of wizardry (left hand)
Wands
 u - a wand of flame (42)
Scrolls
 c - a scroll of blinking
 e - 2 scrolls of identify {unknown}
 k - a scroll of fog {unknown}
 l - a scroll of holy word {unknown}
 o - a scroll of teleportation {unknown}
 p - 2 scrolls of enchant armour {unknown}
 s - a scroll of immolation {unknown}
 t - a scroll of noise {unknown}
 v - a scroll of torment {unknown}
 w - a scroll of enchant weapon {unknown}
 x - a scroll of fear {unknown}
Potions
 f - a potion of heal wounds {unknown}
 n - a potion of curing {unknown}
 r - a potion of lignification {unknown}


   Skills:
 + Level 4.9 Fighting
 + Level 1.9 Short Blades
 + Level 1.9 Long Blades
 + Level 1.9 Axes
 + Level 1.9 Maces & Flails
 + Level 4.9 Polearms
 + Level 1.9 Staves
 + Level 1.9 Slings
 + Level 1.9 Bows
 + Level 1.9 Crossbows
 + Level 3.2 Throwing
 + Level 3.2 Armour
 + Level 4.9 Dodging
 + Level 1.9 Stealth
 + Level 1.9 Shields
 + Level 1.9 Unarmed Combat
 + Level 5.3 Spellcasting
 + Level 1.5 Conjurations
 + Level 1.5 Hexes
 + Level 1.5 Summonings
 + Level 1.5 Necromancy
 + Level 5.6 Translocations
 + Level 1.5 Transmutations
 + Level 1.5 Fire Magic
 + Level 1.5 Ice Magic
 + Level 1.5 Air Magic
 + Level 1.5 Earth Magic
 + Level 1.5 Poison Magic
 + Level 2.1 Invocations
 + Level 1.9 Evocations


You had 13 spell levels left.
You knew the following spells:

 Your Spells              Type           Power      Damage    Failure   Level
a - Blink                 Tloc           32%        N/A       1%          2

Your spell library contained the following spells:

 Spells                   Type           Power      Damage    Failure   Level
 Gell's Gravitas          Tloc           16%        N/A       2%          3
 Lesser Beckoning         Tloc           16%        N/A       2%          3
 Teleport Other           Tloc           16%        N/A       2%          3
 Magic Dart               Conj           24%        1d4       5%          1
 Call Imp                 Summ           6%         N/A       9%          2
 Mephitic Cloud           Conj/Pois/Air  6%         N/A       16%         3
 Manifold Assault         Tloc           16%        N/A       26%         5
 Summon Forest            Summ/Tloc      5%         N/A       50%         5
 Summon Mana Viper        Hex/Summ       6%         N/A       78%         5
 Summon Cactus Giant      Summ           3%         N/A       100%        6


Dungeon Overview and Level Annotations

Branches:
Dungeon (5/15)
 Temple: D:4-7

Altars:
Ashenzari
Elyvilon
Hepliaklqana
Uskayaw
Zin
The Shining One

Shops:
D:4 :

Annotations:
D:4 exclusion: door


Innate Abilities, Weirdness & Mutations

You have very sharp teeth.
Your uncanny sense of smell can sniff out nearby items.
Your experience applies equally to all skills.


Message History

You closely miss the adder. Your bite misses the adder.
The adder is severely wounded.
The phantom barely misses you. The adder bites you but does no damage.
You closely miss the adder.
The adder is severely wounded.
The adder closely misses you. The phantom misses you.
You barely miss the adder.
The adder is severely wounded.
The adder bites you.
You are poisoned.
The adder poisons you! The phantom hits you.
You barely miss the adder.
The adder is severely wounded.
You feel sick. The adder bites you. The phantom hits you.
You miss the adder. Your bite misses the adder.
The adder is severely wounded.
You feel sick. The adder barely misses you. The phantom barely misses you.
You hit the adder.
You kill the adder!
Unknown command.
You hit the phantom but do no damage.
You feel sick. The phantom hits you.
* * * LOW HITPOINT WARNING * * *
The phantom blinks!
You blink.
Found a leather armour.
Found an escape hatch in the floor.
You hit the phantom.
The phantom is lightly damaged.
You feel sick. The phantom closely misses you.
You hit the phantom but do no damage. You punch the phantom.
The phantom is lightly damaged.
You feel sick. The phantom hits you!
* * * LOW HITPOINT WARNING * * *
The phantom blinks!
You blink.
You feel sick.
You are no longer poisoned.
The phantom hits you.
* * * LOW HITPOINT WARNING * * *
You hit the phantom.
The phantom is moderately damaged.
The phantom hits you.
You die...

#.##^..............♣♣♣♣+♣♣♣
#>..$......................
##..........................
#..≈≈.≈≈...#...#######....#.
#.≈≈≈.≈≈≈.......# #####....
#.≈≈⌠.⌠≈≈.......# ........).
#...∩..........# ..........
#≈≈⌠.⌠≈≈.......# ..........
#≈≈≈.≈≈≈..@W...# ..........
##≈≈.≈≈........# ..........
####§.........# ..........
#..........# ..........
#..........# .........
####......... #.[.>......
#.......... ### #######....
.#..


You could see a phantom.

Vanquished Creatures
  An ogre (D:4)
  A centaur skeleton (D:4)
  An iguana (D:4)
  An orc wizard (D:3)
  2 adders
  3 worms
  2 dart slugs
  9 orcs
  8 ball pythons
  6 bats
  9 endoplasms
  6 giant cockroaches
  7 goblins
  9 hobgoblins
  4 jackals
  10 kobolds
  2 frilled lizards
  3 rats
  A spectral hobgoblin (D:1)
85 creatures vanquished.

Notes
Turn   | Place    | Note
-------+----------+-------------------------------------------
     0 | D:1      | Ablot the Gnoll Warper began the quest for the Orb.
     0 | D:1      | Reached XP level 1. HP: 20/20 MP: 6/6
    50 | D:1      | Reached XP level 2. HP: 16/26 MP: 7/7
    53 | D:1      | Learned a level 2 spell: Blink
   544 | D:1      | Found a faded altar of an unknown god.
   613 | D:1      | Reached XP level 3. HP: 31/31 MP: 9/9
   626 | D:1      | Reached skill level 5 in Spellcasting
  1185 | D:2      | Reached skill level 1 in Invocations
  1467 | D:2      | Reached skill level 1 in Short Blades
  1467 | D:2      | Reached skill level 1 in Long Blades
  1467 | D:2      | Reached skill level 1 in Axes
  1467 | D:2      | Reached skill level 1 in Maces & Flails
  1467 | D:2      | Reached skill level 1 in Staves
  1467 | D:2      | Reached skill level 1 in Slings
  1467 | D:2      | Reached skill level 1 in Bows
  1467 | D:2      | Reached skill level 1 in Crossbows
  1467 | D:2      | Reached skill level 1 in Stealth
  1467 | D:2      | Reached skill level 1 in Shields
  1467 | D:2      | Reached skill level 1 in Unarmed Combat
  1467 | D:2      | Reached skill level 1 in Evocations
  1598 | D:2      | Reached XP level 4. HP: 25/38 MP: 11/11
  3066 | D:3      | Reached skill level 1 in Conjurations
  3066 | D:3      | Reached skill level 1 in Hexes
  3066 | D:3      | Reached skill level 1 in Summonings
  3066 | D:3      | Reached skill level 1 in Necromancy
  3066 | D:3      | Reached skill level 1 in Transmutations
  3066 | D:3      | Reached skill level 1 in Fire Magic
  3066 | D:3      | Reached skill level 1 in Ice Magic
  3066 | D:3      | Reached skill level 1 in Air Magic
  3066 | D:3      | Reached skill level 1 in Earth Magic
  3066 | D:3      | Reached skill level 1 in Poison Magic
  3084 | D:3      | Reached XP level 5. HP: 34/43 MP: 12/12
  3695 | D:3      | You fall into a shaft and drop 2 floors!
  3695 | D:5      | Entered Level 5 of the Dungeon
  3710 | D:5      | Noticed a centaur
  3732 | D:4      | Noticed an ogre
  4058 | D:4      | Found a glowing silver altar of Zin.
  4059 | D:4      | Found a white marble altar of Elyvilon.
  4060 | D:4      | Found a glowing golden altar of the Shining One.
  4067 | D:4      | Became a worshipper of Elyvilon the Healer
  4128 | D:4      | Killed an ogre
  4163 | D:4      | Reached XP level 6. HP: 50/50 MP: 13/13
  4198 | D:4      | Found a hide-covered altar of Uskayaw.
  4198 | D:4      | Found a broken altar of Ashenzari.
  4301 | D:4      | Found a hazy altar of Hepliaklqana.
  4301 | D:4      | Noticed a water moccasin
  4310 | D:4      | Found Vuthriudgh's Self-Improvement Boutique.
  4332 | D:4      | HP: 2/50 [phantom (3)]
  4333 | D:4      | Slain by a phantom

Illustrated notes

Levels and vault maps discovered:
D:1:      dpeg_arrival_ternary, layout_loops_cross,
          dreamdust_ecumenical_altar_drowned_temple, minmay_misc_feat_roman,
          serial_bayou_lagoon_b
D:2:      layout_basic
D:3:      minmay_door_path, layout_loops_ring
D:4:      layout_basic, good_gods_temple_1, mainiacjoe_overflow_surrounded_room,
          mainiacjoe_overflow_six_doors_small, grunt_temple_overflow_open,
          minmay_temple_entry_enclosed_plants, portal_sewer_entry_e,
          minmay_misc_feat_chi, nicolae_shop_self_help
D:5:      lemuel_ice_spiral_2, layout_rooms, gammafunk_ghost_necromancy

Skill      XL: |  1  2  3  4  5 |
---------------+----------------+-----
Spellcasting   | 5 |  5.3
Invocations    | 1 2 |  2.1
Short Blades   | 1 |  1.9
Long Blades    | 1 |  1.9
Axes           | 1 |  1.9
Maces & Flails | 1 |  1.9
Staves         | 1 |  1.9
Slings         | 1 |  1.9
Bows           | 1 |  1.9
Crossbows      | 1 |  1.9
Stealth        | 1 |  1.9
Shields        | 1 |  1.9
Unarmed Combat | 1 |  1.9
Evocations     | 1 |  1.9
Conjurations   | 1 |  1.5
Hexes          | 1 |  1.5
Summonings     | 1 |  1.5
Necromancy     | 1 |  1.5
Transmutations | 1 |  1.5
Fire Magic     | 1 |  1.5
Ice Magic      | 1 |  1.5
Air Magic      | 1 |  1.5
Earth Magic    | 1 |  1.5
Poison Magic   | 1 |  1.5
Throwing       | 3 |  3.2
Armour         | 3 |  3.2
Fighting       | |  4.9
Polearms       | |  4.9
Dodging        | |  4.9
Translocations | |  5.6

Action                   |  1- 3 |  4- 6 || total
-------------------------+-------+-------++-------
Melee: Spear             |   157 |   207 ||   364
       Bite              |    14 |    17 ||    31
       Punch             |     1 |     2 ||     3
Throw: Dart              |       |     9 ||     9
 Stab: Sleeping          |     1 |     6 ||     7
       Distracted        |     1 |       ||     1
Armor: Leather armour    |    31 |    34 ||    65
Dodge: Dodged            |    84 |    96 ||   180
